Unix NetHack Version 3.7.0-88 Work-in-progress - last build Aug 6 2023 23:41:04 (5c9c4c7fffe0d5f0a8b1342c2a36a56ed743986a,branch:master). Game began 2023-08-20 17:42:23, ended 2023-08-20 19:29:45. Grasshopper, neutral female human Wizard ---------------- ------------- |<.............| -*.........*| |..............| |....**.....|# |..............| ....---.-....####...............| |.*.|.{.|*..|# ---------------- |..*|a@f|*..| |...|@u.|...| |...-----...| |.....*.....| |*.*.......*| ------------- Grasshopper the Thaumaturge St:13 Dx:13 Co:15 In:18 Wi:11 Ch:8 Neutral S:3214 Dlvl:6 $:0 HP:0(55) Pw:2(64) AC:4 Xp:7/741 T:4361 Latest messages: Rocky bites the fire ant. The fire ant misses Rocky. The fire ant bites Rocky. Rocky is on fire! You finish your prayer. You feel that Thoth is well-pleased. You feel much better. You miss the fire ant. The fire ant bites! The fire ant misses! Rocky bites the fire ant. The fire ant misses Rocky. The fire ant misses Rocky. The fire ant bites! The fire ant bites again! You avoid harm. You hit the fire ant. The fire ant bites! The fire ant bites again! You're on fire! Your wrinkled spellbook catches fire and burns! Rocky bites the fire ant. The fire ant misses Rocky. The fire ant bites Rocky. Rocky is on fire! The fire ant bites! The fire ant bites again! You're on fire! You miss the fire ant. The fire ant bites! The fire ant bites again! You avoid harm. In what direction? 8 The spell misses the fire ant. The fire ant bites! The fire ant bites again! You avoid harm. The fire ant bites! The fire ant misses! You miss the fire ant. The fire ant bites! The fire ant bites again! You avoid harm. The fire ant bites! The fire ant bites again! You're on fire! You hit the fire ant. The fire ant bites! You die... Do you want your possessions identified? [ynq] (y) q Inventory: Weapons (')') a - a blessed +1 quarterstaff (weapon in hands) F - 14 uncursed +0 daggers (at the ready) Q - 2 uncursed +0 elven daggers named nc (alternate weapons; not wielded) Armor ('[') b - an uncursed +0 cloak of magic resistance (being worn) B - an uncursed +1 pair of iron shoes (being worn) H - an uncursed +1 orcish helm (being worn) Comestibles ('%') O - an uncursed apple Wands ('/') h - an uncursed wand of secret door detection named 1 (0:14) p - an uncursed wand of polymorph (0:4) r - an uncursed wand of undead turning named 1 (0:5) Rings ('=') d - an uncursed ring of protection from shape changers e - an uncursed ring of fire resistance I - an uncursed ring of aggravate monster Tools ('(') c - an uncursed skeleton key q - an uncursed magic whistle Grasshopper the Wizard's attributes: Background: You were a Thaumaturge, a level 7 female human Wizard. You were neutral, on a mission for Thoth who was opposed by Ptah (lawful) and Anhur (chaotic). You were in the Dungeons of Doom, on level 6. You entered the dungeon 4361 turns ago. You had 741 experience points, 539 more were needed to attain level 8. Your score was 3214 before end-of-game adjustments. Basics: You had 0 out of 55 hit points. You had 2 out of 64 energy points (spell power). Your armor class was 4. Your wallet was empty. Autopickup was on for '$"=/!?+*' plus thrown, with exceptions. Final Characteristics: Your strength was 13 (limit:18/100). Your dexterity was 13 (limit:18). Your constitution was 15 (limit:18). Your intelligence was 18 (limit:18). Your wisdom was 11 (limit:18). Your charisma was 8 (limit:18). Final Status: You were not hungry. You were unencumbered. You were wielding a quarterstaff. You had basic skill with quarterstaff. Final Attributes: You were piously aligned. You were magic-protected. You were telepathic. You were warded. You are dead. Miscellaneous: You never encountered a bones level. Total elapsed playing time was 1 hour, 47 minutes and 22 seconds. Major events: Turn 1: Grasshopper the neutral female human Wizard entered the dungeon 660: entered the Gnomish Mines 742: attained the rank of Conjurer (level 3) 2979: reached Mine Town 3050: attained the rank of Thaumaturge (level 6) 4361: killed by a fire ant Vanquished creatures: a small mimic a leprechaun 2 orc-captains a dwarf leader 3 fire ants 5 Uruk-hai an orc shaman 2 fog clouds 2 shriekers 2 gnome leaders a gnomish wizard 3 giant ants a little dog 2 floating eyes 6 dwarves 3 kobold leaders 13 hill orcs 5 rothes a centipede a giant bat an orc zombie 4 dwarf zombies an iguana an acid blob 4 coyotes 3 hobbits 3 manes a hobgoblin a cave spider a green mold 14 gnomes 4 geckos 7 jackals a fox 2 kobolds a goblin 2 sewer rats 4 grid bugs a bat 4 newts 116 creatures vanquished. No species were genocided or became extinct. Voluntary challenges: You read items or engraved 10 times. You never engraved Elbereth. You never genocided any monsters. You never polymorphed an object. You never changed form. You used no wishes. Achievements: You entered the Gnomish Mines. You attained the rank of Conjurer. You entered a shop. You entered Minetown. You attained the rank of Thaumaturge. The Dungeons of Doom: levels 1 to 6 Level 1: Level 2: A fountain, a grave. Stairs down to The Gnomish Mines. Level 3: "v" Some fountains, a sink, a grave. Level 4: "v" A delicatessen, a fountain. Level 5: "n" Level 6: <- You were here. Many fountains. Oracle of Delphi. Final resting place for you, killed by a fire ant. The Gnomish Mines: levels 3 to 5 Level 3: Level 4: Level 5: An altar, a fountain. Game over: ---------- / \ / REST \ / IN \ / PEACE \ / \ | Grasshopper | | 0 Au | | killed by a fire | | ant | | | | | | 2023 | *| * * * | * _________)/\\_//(\/(/\)/\//\/|_)_______ Goodbye Grasshopper the Wizard... You died in The Dungeons of Doom on dungeon level 6 with 3214 points, and 0 pieces of gold, after 4361 moves. You were level 7 with a maximum of 55 hit points when you died.